 Dungeon Crawl Stone Soup version 0.28.0-53-g5a82cb258f (webtiles) character file.

Game seed: 5027665721959870451

14 BeingJoeMalik the Sneak (level 2, -3/16 HPs)
             Began as a Vine Stalker Delver on June 12, 2022.
             Was an Initiate of Hepliaklqana.
             Slain by an orc
             ... wielding a +0 mace
              (7 damage)
             ... on level 4 of the Dungeon.
             The game lasted 00:03:22 (678 turns).

BeingJoeMalik the Sneak (Vine Stalker Delver)        Turns: 678, Time: 00:03:22

Health: -3/16      AC:  3    Str: 14    XL:     2   Next: 45%
Magic:  0/3        EV: 11    Int: 10    God:    Hepliaklqana [......]
Gold:   0          SH:  0    Dex: 15    Spells: 1/1 levels left

rFire   . . .      SeeInvis .   a - +0 spear
rCold   . . .      Faith    .   (no shield)
rNeg    . . .      Spirit   +   b - +0 leather armour
rPois   .          Reflect  .   (no helmet)
rElec   .          Harm     .   (no cloak)
rCorr   .          Rampage  .   (no gloves)
Will    .....                   (no boots)
Stlth   +++.......              (no amulet)
HPRegen 0.05/turn               (no ring)
MPRegen 0.08/turn               (no ring)

@: no status effects
A: fangs 2, magic shield, antimagic bite, no potion heal 2
a: Renounce Religion


You were on level 4 of the Dungeon.
You worshipped Hepliaklqana.
Hepliaklqana was noncommittal.
You visited 1 branch of the dungeon, and saw 3 of its levels.

Inventory:

Hand Weapons
 a - a +0 spear (weapon)
Missiles
 i - 5 javelins (quivered)
Armour
 b - a +0 leather armour (worn)
Wands
 g - a wand of digging (3)
Scrolls
 c - a scroll of fog
 d - a scroll of magic mapping
 e - a scroll of fear
Potions
 f - a potion of haste
 h - a potion of ambrosia {unknown}


   Skills:
 + Level 2.8 Fighting
 + Level 1.8 Polearms
 + Level 1.5 Dodging
 + Level 6.6 Stealth


You had one spell level left.
You didn't know any spells.
Your spell library was empty.

Dungeon Overview and Level Annotations

Branches:
Dungeon (6/15)
 Temple: D:4-7

Altars:
Hepliaklqana
Nemelex Xobeh


Innate Abilities, Weirdness & Mutations

You have extremely sharp teeth.
When hurt, damage is shared between your health and your magic reserves.
Your bite disrupts and absorbs the magic of your enemies.
Potions cannot restore your health.


Message History

There is an open door here.
You open the door.
There is an open door here.
There is an open door here.
A kobold comes into view. It is wielding a +0 short sword.
Found a stone staircase leading up.
A goblin comes into view. It is wielding a +0 dagger.
Found an escape hatch in the floor.
There is an open door here.
You close the door.
An orc comes into view. It is wielding a +0 mace.
You reach to attack!
The helpless goblin fails to defend itself.
You hit the goblin.
The goblin is heavily wounded.
The orc shouts!
You hit the goblin.
You kill the goblin!
The kobold shouts!
The orc throws a stone.
The stone hits you.
There is a fountain of clear blue water here.
The kobold hits you with a +0 short sword.
You hit the kobold but do no damage. Your bite misses the kobold.
The kobold hits you with a +0 short sword.
Unknown command.
Unknown command.
You hit the kobold.
The kobold is heavily wounded.
The kobold hits you but does no damage.
You completely miss the kobold. Your bite misses the kobold.
The kobold is heavily wounded.
The kobold hits you with a +0 short sword.
* * * LOW HITPOINT WARNING * * *
Unknown command.
You hit the kobold.
You kill the kobold!
Unknown command.
Found a scroll labelled QUCIAW RUERETISOD.
The orc hits you with a +0 mace!
You die...

##.....########...####.
##.......##.............
#....>....#.............
#.⌠.....⌠.+.............
'.........#...##.....##.
....⌠.⌠)..#...##.....##.
#.........#....#......#.
?.⌠....o⌠.+....#......#.
.....<.@..#....#......#.
.#.......##...##.....##.
##.....############'##.
####### #........
#.####### #.# #.# #.#
###


You could see an orc.

Vanquished Creatures
  An adder (D:4)
  An endoplasm (D:4)
  A giant cockroach (D:4)
  A goblin (D:4)
  A kobold (D:4)
5 creatures vanquished.

Notes
Turn   | Place    | Note
-------+----------+-------------------------------------------
     0 | D:5      | BeingJoeMalik the Vine Stalker Delver began the quest for
                  | the Orb.
     0 | D:5      | Reached XP level 1. HP: 11/11 MP: 2/2
    13 | D:6      | Noticed a lemure
    13 | D:6      | Noticed a jelly
    61 | D:5      | Noticed a scorpion
   116 | D:5      | Found a sparkling altar of Nemelex Xobeh.
   117 | D:5      | Found a hazy altar of Hepliaklqana.
   119 | D:5      | Noticed a hound
   123 | D:5      | Became a worshipper of Hepliaklqana the Forgotten
   165 | D:5      | Noticed an ogre
   196 | D:4      | Noticed a phantom
   250 | D:4      | Reached XP level 2. HP: 5/16 MP: 1/3
   678 | D:4      | Slain by an orc

Illustrated notes

Levels and vault maps discovered:
D:4:      layout_gridville, amethyst_overflow_temple_binary,
          grunt_ministairs_10, kennysheep_small_spiral
D:5:      layout_loops_corners, marbit_many_paths, nicolae_overflow_squiral,
          minmay_temple_entry_stoned_glass, uniq_duvessa
D:6:      layout_cave_pools, kennysheep_pointless_box, uniq_crazy_yiuf_cottage,
          uniq_eustachio, uniq_pikel

Action                   || total
-------------------------++-------
Melee: Spear             ||    19
       Bite              ||     2
Throw: Javelin           ||     3
 Stab: Sleeping          ||     1
Armor: Leather armour    ||     6
Dodge: Dodged            ||     5
